 Dungeon Crawl Stone Soup version 0.14-a0-1721-g84c87b2 (webtiles) character file.

3390 HollowCharge the Skirmisher (level 9, -3/79 HPs)
             Began as a Ghoul Death Knight on Jan 3, 2014.
             Was an Initiate of Makhleb.
             Slain by a profane servitor
             ... wielding a +2,+3 demon whip
             ... created by the anger of Yredelemnul
              (5 damage)
             ... on Level 7 of the Dungeon.
             The game lasted 01:08:46 (10811 turns).

HollowCharge the Skirmisher (Ghoul Death Knight)   Turns: 10811, Time: 01:08:46

HP  -3/79        AC 19     Str 16 (20) XL: 9   Next: 75%
MP  12/12        EV  6     Int  6      God: Makhleb [......]
Gold 532         SH  0     Dex  8      Spells:  0 memorised,  8 levels left

rFire  . . .     SeeInvis .     a - +2,+0 mace
rCold  + . .     Clarity  .     d - +1 chain mail (curse)
rNeg   + + +     Conserve .     (no shield)
rPois  +         rCorr    .     (no helmet)
rElec  .         rRot     +     s - +2 cloak
SustAb . .       Spirit   .     u - +2 pair of gloves
rMut   .         Warding  .     i - +1 pair of boots {+Jump}
Saprov + + +     Stasis   .     (no amulet)
                                (no ring)
                                (no ring)

@: rotting, wreathed by umbra, slightly resistant to hostile enchantments,
extremely unstealthy
A: rotting body, claws 1, carnivore 3, cold resistance 1, life protection 3,
poison resistance, saprovore 3, slow healing 1, torment resistance, unbreathing
a: Renounce Religion, Evoke Jump Attack


You were on level 7 of the Dungeon.
You worshipped Makhleb.
Makhleb was noncommittal.
You were not hungry.

You visited 2 branches of the dungeon, and saw 8 of its levels.

You collected 532 gold pieces.

Inventory:

Hand weapons
 a - a +2,+0 mace (weapon)
 g - a +2,+0 mace
Armour
 d - a cursed +1 chain mail (worn)
 i - a +1 pair of boots of jumping (worn)
 q - a +0 scale mail
 s - a +2 cloak (worn)
 t - a +0 plate armour
 u - a +2 pair of gloves (worn)
Magical devices
 j - a wand of digging (17)
 v - a wand of polymorph (8) {unknown}
Comestibles
 b - 3 rotting chunks of giant frog flesh
 m - a meat ration
Scrolls
 h - a scroll of fog
Potions
 c - 7 potions of curing
 e - a potion of brilliance
 f - 2 potions of flight
 n - 2 potions of agility
Books
 l - a book of Maledictions

   Spells                             Type                      Level
   Corona                             Hexes                        1
   Sure Blade                         Hexes/Charms                 2
   Ensorcelled Hibernation            Hexes/Ice                    2
   Confuse                            Hexes                        3
   Enslavement                        Hexes                        4
   Invisibility                       Hexes                        6


   Skills:
 + Level 7.2 Fighting
 * Level 7.0 Maces & Flails
 + Level 5.6 Armour
 + Level 5.6 Dodging
   Level 3.0 Invocations


You had 8 spell levels left.
You didn't know any spells.

Dungeon Overview and Level Annotations

Branches:
Dungeon (7/16)             Temple (1/1) D:6

Altars:
Ashenzari
Cheibriados
Elyvilon
Fedhas
Kikubaaqudgha
Makhleb
Nemelex Xobeh
Okawaru
Sif Muna
Trog
Vehumet
Xom
Yredelemnul
Zin
the Shining One


Innate Abilities, Weirdness & Mutations

Your body is rotting away.
You have sharp fingernails.
You are carnivorous and can eat meat at any time.
Your flesh is cold resistant.
You are immune to negative energy.
Your system is resistant to poisons.
You thrive on rotten meat.
You heal slowly when monsters are visible.
You are immune to unholy pain and torment.
You can survive without breathing.


Message History

The profane servitor hits you with a glowing demon whip.
The profane servitor hits you but does no damage.
The death cob hits you but does no damage.
The profane servitor hits you with a glowing demon whip.
* * * LOW HITPOINT WARNING * * *
The profane servitor hits you but does no damage.
The death cob closely misses you. The death cob hits you.
* * * LOW HITPOINT WARNING * * *
The death cob hits you.
* * * LOW HITPOINT WARNING * * *
The death cob closely misses you.
The profane servitor hits you with a glowing demon whip!
* * * LOW HITPOINT WARNING * * *
The profane servitor hits you but does no damage.
The death cob barely misses you. The death cob hits you.
* * * LOW HITPOINT WARNING * * *
The profane servitor hits you but does no damage.
The profane servitor hits you with a glowing demon whip.
You die...

....... ......# ###...###.#
.......## #......# ##.##...#...
.........## #.#...# ##........#..
.....#...####...####.#.......#..
.....#.#..#.#.....##...#.#.#...#.
.............................)...
.......................)...%.....
.............[.A.................
.......#......%@...#........#...
..........#....(..###.#.#...<#..
.........####......######...####
....##.## ##....## ##..## .... ##
#....# #....# .... ##..## ##..##
#### ##.## #>..# ##.##


You could see a profane servitor and a death cob.

Vanquished Creatures
  A steam dragon (D:7)
  A sky beast (D:7)
  2 phantoms
  2 centaurs
  3 ogres
  7 big kobolds (D:4)
  A gnoll sergeant (D:5)
  3 giant frogs
  3 wights (D:6)
  3 crimson imps
  A giant frog zombie (D:5)
  A hound (D:5)
  4 scorpions
  A jelly (D:7)
  4 orc priests
  An iguana (D:5)
  4 orc wizards
  9 worker ants
  10 gnolls
  A worm zombie (D:5)
  6 adders
  9 worms
  A giant centipede zombie (D:7)
  A giant eyeball (D:7)
  2 giant geckos
  23 orcs
  A ball python (D:2)
  3 giant cockroaches
  9 goblins
  10 hobgoblins
  11 jackals (D:2)
  54 kobolds
  2 quokkas
  10 bats
  5 giant newts
  A giant newt zombie (D:5)
  A goblin zombie (D:5)
  A jackal skeleton (D:4)
  A kobold zombie (D:5)
  An orc skeleton (D:4)
  7 rats
221 creatures vanquished.

Notes
Turn   | Place    | Note
--------------------------------------------------------------
     0 | D:1      | HollowCharge, the Ghoul Death Knight, began the quest for the Orb.
     0 | D:1      | Reached XP level 1. HP: 17/17 MP: 2/2
     2 | D:1      | Fell from the grace of Yredelemnul
    30 | D:1      | Reached skill level 1 in Dodging
    97 | D:1      | Reached skill level 1 in Armour
   860 | D:1      | Reached XP level 2. HP: 20/22 MP: 3/3
  1245 | D:2      | Reached XP level 3. HP: 24/29 MP: 5/5
  1811 | D:2      | Reached XP level 4. HP: 27/36 MP: 5/5
  2045 | D:2      | HP: 1/37 [gnoll/halberd (6)]
  2696 | D:2      | Noticed a reaper
  3195 | D:3      | Reached XP level 5. HP: 35/45 MP: 7/7
  3494 | D:3      | Noticed an ogre
  4347 | D:3      | Reached skill level 4 in Fighting
  4395 | D:3      | Reached XP level 6. HP: 51/51 MP: 8/8
  5400 | D:4      | Reached XP level 7. HP: 47/59 MP: 9/9
  5509 | D:5      | Entered Level 5 of the Dungeon
  6132 | D:4      | Reached skill level 5 in Fighting
  6564 | D:4      | Reached XP level 8. HP: 60/68 MP: 10/10
  6595 | D:4      | Noticed a bone dragon
  7486 | D:5      | Reached skill level 6 in Fighting
  7766 | D:5      | Reached skill level 5 in Maces & Flails
  7880 | D:5      | Found a glowing golden altar of the Shining One.
  8358 | D:5      | Reached XP level 9. HP: 47/77 MP: 12/12
  8544 | D:5      | Reached skill level 5 in Armour
  8544 | D:5      | Reached skill level 5 in Dodging
  8951 | D:6      | Found a white marble altar of Elyvilon.
  9722 | D:6      | Found a staircase to the Ecumenical Temple.
  9730 | Temple   | Entered the Ecumenical Temple
  9744 | Temple   | Became a worshipper of Makhleb the Destroyer
 10103 | D:6      | Reached skill level 7 in Fighting
 10171 | D:6      | Found a blossoming altar of Fedhas.
 10171 | D:6      | Found an iron altar of Okawaru.
 10268 | D:6      | Found a sparkling altar of Nemelex Xobeh.
 10452 | D:7      | Noticed a flayed ghost
 10707 | D:7      | Paralysed by a giant eyeball for 2 turns
 10805 | D:7      | Noticed a profane servitor
 10806 | D:7      | Noticed a death cob
 10811 | D:7      | HP: 2/79 [death cob[the anger of Yredelemnul] (4)]
 10811 | D:7      | Slain by a profane servitor

Action                   |  1- 3 |  4- 6 |  7- 9 || total
-------------------------+-------+-------+-------++-------
Melee: Mace              |    86 |   287 |   793 ||  1166
Invok: Renounce Religion |     1 |       |       ||     1
Evoke: Wand              |     1 |       |       ||     1
  Use: Scroll            |     6 |     6 |     8 ||    20
       Potion            |       |       |     3 ||     3
